 Dungeon Crawl Stone Soup version 0.31-a0-889-g1a8549509d (webtiles) character file.

Game seed: 10820889495119077299

86 lunkers the Ruffian (level 5, -15/40 HPs)
             Began as a Meteoran Shapeshifter on Oct 16, 2023.
             Killed from afar by Ijyb (20 damage)
             ... with a bolt of dispelling energy
             ... on level 3 of the Dungeon.
             The game lasted 00:02:18 (936 turns).

lunkers the Ruffian (Meteoran Shapeshifter)          Turns: 936, Time: 00:02:18

Health: -15/40     AC:  5    Str: 16    XL:     5   Next: 6%
Magic:  6/6        EV: 11    Int: 11    God:
Gold:   103        SH:  0    Dex: 15    Spells: 4/4 levels left

rFire   . .          .
                       - Unarmed
rCold   . . .        (no shield)
rNeg    . . .        k - +0 ring mail
rPois   .            (helmet currently unavailable)
rElec   .            (cloak currently unavailable)
rCorr   .            (gloves currently unavailable)
SInv    .            (boots currently unavailable)
Will    .....        (no amulet)
Stlth   +            (no ring)
HPRegen 0.26/turn    (no ring)
MPRegen 0.10/turn

%: no passive effects
@: beast-form, glowing
A: beast (slay +2), sense surroundings 1, otherworldly, glowing, explore regen
a: Begin Untransformation


You were on level 3 of the Dungeon.
You were a hulking beast.
You visited 1 branch of the dungeon, and saw 3 of its levels.

You collected 103 gold pieces.

Inventory:

Armour
 a - a +0 animal skin
 k - a +0 ring mail (worn)
Jewellery
 i - a ring of fire
Talismans
 c - a beast talisman (active)
 d - a flux talisman
Wands
 b - a wand of polymorph (4)
 j - a wand of quicksilver (11)
Scrolls
 e - 2 scrolls of identify {unknown}
 f - 2 scrolls of noise {unknown}
 g - a scroll of teleportation {unknown}
 h - 2 scrolls of enchant weapon {unknown}


   Skills:
 - Level 1.1 Fighting
 - Level 2.1 Dodging
 * Level 5.4 Unarmed Combat
 + Level 4.5 Shapeshifting


You had 4 spell levels left.
You didn't know any spells.
Your spell library contained the following spells:

 Spells                   Type           Power      Damage    Failure   Level
 Apportation              Tloc           0%         N/A       56%         1
 Necrotise                Necr           0%         1d4       56%         1
 Summon Small Mammal      Summ           0%         N/A       56%         1


Dungeon Overview and Level Annotations

Branches:
Dungeon (3/15) Zot: 871

Altars:
Zin

Shops:
D:1 (:   D:2 [

Annotations:
D:3 Ijyb


Innate Abilities, Weirdness & Mutations

You are a hulking beast.
Your limbs bulge with bestial killing power. (Slay +2)
You passively map a small area around you.
You are easily found by Zot.
You glow in the dark.
You regain HP and MP as you explore.


Message History

Found a stone staircase leading up.
The ball python hisses angrily.
You see here 10 gold pieces.
You barely miss the ball python. The ball python barely misses you.
The ball python grabs you. The ball python constricts you.
You closely miss the ball python. The ball python bites you.
The ball python constricts you.
You punch the ball python!
You kill the ball python!
No target in view!
No target in view!
No target in view!
No target in view!
No target in view!
No target in view!
You now have 92 gold pieces (gained 10).
HP restored.
You now have 103 gold pieces (gained 11).
Ijyb the Twisted Goblin comes into view.
She is wielding a +0 club and carrying a wand of quicksilver.
Ijyb zaps a wand.
The bolt of dispelling energy hits you!
You hit Ijyb.
Ijyb is lightly wounded.
You hit Ijyb.
Ijyb is moderately wounded.
Ijyb zaps a wand.
The bolt of dispelling energy hits you!
* * * LOW HITPOINT WARNING * * *
You closely miss Ijyb.
Ijyb is moderately wounded.
Ijyb zaps a wand.
The bolt of dispelling energy hits you!
* * * LOW HITPOINT WARNING * * *
You hit Ijyb but do no damage.
Ijyb is moderately wounded.
Ijyb barely misses you.
Unknown command.
You barely miss Ijyb.
Ijyb is moderately wounded.
Ijyb zaps a wand.
The bolt of dispelling energy hits you!!
Ouch! That really hurt!
You die...

#####.#### ##.##
##.# #†# #..# #.#
#.## ##'## #.#
##...## #.#
##.....## ##.##
##.......##
##...####.........#
#..h....+.........+
##.g.####...<.....#
##?## ##.......##
...* ##.....##
*,.#. ##...## * ..
.# ##'## * .#*##
#.# #. #.# * * *
#....$.#


You could see Ijyb.

Vanquished Creatures
  Jessica (D:2)
  2 adders
  2 worms
  2 ball pythons (D:3)
  2 endoplasms (D:3)
  3 giant cockroaches (D:2)
  4 goblins
  4 hobgoblins
  2 quokkas (D:2)
  2 bats (D:2)
  5 frilled lizards
  4 kobolds
  4 rats (D:2)
37 creatures vanquished.

Notes
Turn   | Place    | Note
-------+----------+-------------------------------------------
     0 | D:1      | lunkers the Meteoran Shapeshifter began the quest for the
                  | Orb.
     0 | D:1      | Reached XP level 1. HP: 16/16 MP: 2/2
   193 | D:1      | Found Dymid's Weapon Shop.
   232 | D:1      | Found Piunninn's Book Shop.
   307 | D:2      | Reached XP level 2. HP: 23/23 MP: 3/3
   311 | D:2      | Reached skill level 4 in Unarmed Combat
   322 | D:2      | Noticed Jessica
   331 | D:2      | Killed Jessica
   332 | D:2      | Reached XP level 3. HP: 28/28 MP: 4/4
   371 | D:2      | Found Ogatt's Antique Armour Emporium.
   465 | D:2      | Reached XP level 4. HP: 30/35 MP: 5/5
   649 | D:2      | Reached skill level 5 in Unarmed Combat
   759 | D:2      | Found a faded altar of an unknown god.
   797 | D:2      | Prayed at the altar of an unknown god.
   898 | D:3      | Reached XP level 5. HP: 36/40 MP: 6/6
   928 | D:3      | Noticed Ijyb
   936 | D:3      | Killed from afar by Ijyb

Illustrated notes

Levels and vault maps discovered:
D:1:      amcnicky_arrival_abandoned_market, layout_basic, serial_shops,
          nicolae_shop_peninsula, nicolae_shop_back_alley_shop,
          nicolae_shop_hallway_plus
D:2:      layout_loops_cross, shapermc_ecumenical_altar_mp_urbaneastern,
          serial_shops, shop, minmay_surrounded, uniq_terence, uniq_jessica
D:3:      layout_loops_corners, uniq_ijyb

Skill      XL: |  1  2  3  4 |
---------------+-------------+-----
Unarmed Combat | 4 5 |  5.4
Shapeshifting  | 4 |  4.5
Fighting       | |  1.1
Dodging        | |  2.1

Action                     |  1- 3 |  4- 6 || total
---------------------------+-------+-------++-------
  Melee: Unarmed           |    39 |    56 ||    95
    Use: Potion            |     1 |       ||     1
 Armour: Animal skin       |    15 |    13 ||    28
         Skin              |     7 |       ||     7
         Ring mail         |       |    14 ||    14
  Dodge: Dodged            |    20 |    16 ||    36
   Form: Beast             |       |     1 ||     1
         Flux              |       |     1 ||     1

Table legend: (Time is in decaauts)
 A = Elapsed time spent in this place.
 B = Non-inter-level travel time spent in this place.
 C = Inter-level travel time spent in this place.
 D = Time resting spent in this place.
 E = Time spent auto-exploring this place.
 F = Levels seen in this place.
 G = Mean time per level.
                   A        B        C        D        E       F      G
               +--------+--------+--------+--------+--------+-----+--------+
         Total |    927 |    912 |     15 |     36 |    538 |   3 |  309.0 |
       Dungeon |    927 |    912 |     15 |     36 |    538 |   3 |  309.0 |
               +--------+--------+--------+--------+--------+-----+--------+

Top non-repeatable levels by time:
     D:2: 578 daAuts
     D:1: 257 daAuts
     D:3: 91 daAuts
